 Dungeon Crawl Stone Soup version 0.15.2 (webtiles) character file.

367 DrPain the Ducker (level 6, 0/30 HPs)
             Began as a Spriggan Assassin on Jan 21, 2015.
             Killed by divine providence
             ... invoked by an orc priest
              (16 damage)
             ... on Level 3 of the Dungeon.
             The game lasted 00:08:25 (4582 turns).

DrPain the Ducker (Spriggan Assassin)               Turns: 4582, Time: 00:08:25

HP   0/30        AC  4     Str  7      XL: 6   Next: 41%
MP  12/12        EV 23     Int 15      God:
Gold 157         SH  0     Dex 19      Spells:  0 memorised,  5 levels left

rFire  . . .     SeeInvis +     w - +2 dagger (venom)
rCold  . . .     Clarity  .     c - +0 robe
rNeg   . . .     rCorr    .     (shield restricted)
rPois  .         rRot     .     (helmet restricted)
rElec  .         Spirit   .     d - +1 cloak
SustAb .         Warding  .     (gloves unavailable)
rMut   .         Stasis   .     (boots unavailable)
Gourm  .                        (no amulet)
MR     +....                    (no ring)
                                p - +2 ring of intelligence

@: very quick, somewhat resistant to hostile enchantments, stealthy
A: unfitting armour, see invisible, herbivore 3, speed 3, slow metabolism 2
a: no special abilities


You were on level 3 of the Dungeon.
You were full.

You visited 1 branch of the dungeon, and saw 3 of its levels.

You collected 157 gold pieces.

Inventory:

Hand weapons
 f - a +0 blowgun
 w - a +2 dagger of venom (weapon)
Missiles
 a - 12 steel sling bullets
 b - 5 curare-tipped needles
 e - 34 poisoned needles
 k - 77 stones (quivered)
 m - 14 sling bullets
Armour
 c - a +0 robe (worn)
 d - a +1 cloak (worn)
Magical devices
 g - a wand of frost (6)
 i - a wand of slowing (12)
Comestibles
 j - a royal jelly
 l - 4 bread rations
 o - a slice of pizza
Scrolls
 n - a scroll of identify
Jewellery
 p - a +2 ring of intelligence (left hand)


   Skills:
 - Level 1.5 Fighting
 - Level 5.1 Short Blades
 - Level 2.1 Throwing
 + Level 7.2 Dodging
 - Level 6.0 Stealth


You had 5 spell levels left.
You didn't know any spells.

Dungeon Overview and Level Annotations

Branches:
Dungeon (3/15)

Altars:
Cheibriados


Innate Abilities, Weirdness & Mutations

You are tiny and cannot use many weapons and most armour.
You have supernaturally acute eyesight.
You are a herbivore.
You cover ground extremely quickly.
You need consume almost no food.


Message History

2 orcs come into view.
An orc priest comes into view. It is wielding a dagger.
The orc moves out of view.
The orc shouts! x2
You hit the adder.
The adder is poisoned.
The adder is moderately wounded.
The orc throws a tomahawk.
The tomahawk completely misses you.
The tomahawk hits the adder.
You hit the adder.
You kill the adder!
You see here a tomahawk.
You aren't carrying any potions.
Read which item? (? for menu, Esc to quit)
Okay, then.
The orc misses you.
You closely miss the orc.
The orc priest calls down the wrath of Beogh upon you.
Something smites you!
Ouch! That really hurt!
You die...

###########
#.........#
###.........#
#.o.........#
#...oo....# ##
#...oo....# #. .##
.....####@#####
######. ... . #z#
##...?.. ..####. ..
#.# #.#####.
.....(..... #.#
#.#♣♣.'.
#...##...... #z#
#####♣.♣#.
#.........#.####.###
#..#♣♣.##.
#...<..##.........>#
##..'...'.. <.....#
#.##.......#
#...#####.. ......#
#.##.......####...#
##.


You could see 2 wights, an orc priest and 4 orcs.

Vanquished Creatures
  Grinder (D:3)
  Jessica (D:2)
  4 adders
  A giant mite (D:2)
  4 worms (D:2)
  2 giant geckos
  3 giant cockroaches
  11 goblins
  3 hobgoblins
  4 jackals (D:2)
  2 quokkas
  6 bats
  2 giant newts
  9 kobolds
  12 rats
65 creatures vanquished.

Notes
Turn   | Place    | Note
--------------------------------------------------------------
     0 | D:1      | DrPain, the Spriggan Assassin, began the quest for the Orb.
     0 | D:1      | Reached XP level 1. HP: 10/10 MP: 2/2
   621 | D:1      | Reached XP level 2. HP: 11/14 MP: 4/4
   669 | D:1      | Reached skill level 6 in Stealth
  2557 | D:2      | Reached XP level 3. HP: 18/18 MP: 6/6
  2859 | D:2      | Reached XP level 4. HP: 6/22 MP: 8/8
  3271 | D:2      | Noticed Jessica
  3277 | D:2      | Killed Jessica
  3277 | D:2      | Reached skill level 5 in Short Blades
  3367 | D:2      | Found a snail-covered altar of Cheibriados.
  4040 | D:3      | Noticed Grinder
  4315 | D:3      | HP: 1/22 [Grinder (5)]
  4319 | D:3      | Killed Grinder
  4319 | D:3      | Reached skill level 7 in Dodging
  4319 | D:3      | Reached XP level 5. HP: 6/25 MP: 10/10
  4319 | D:3      | Reached XP level 6. HP: 7/30 MP: 12/12
  4582 | D:3      | Killed from afar by an orc priest

Action                   |  1- 3 |  4- 6 || total
-------------------------+-------+-------++-------
Melee: Dagger            |    90 |    95 ||   185
 Fire: Blowgun           |    12 |       ||    12
Throw: Stone             |    12 |       ||    12
Evoke: Wand              |       |     1 ||     1
  Use: Scroll            |     8 |       ||     8
       Potion            |     7 |     3 ||    10
 Stab: Sleeping          |    10 |     3 ||    13
       Distracted        |       |     1 ||     1
